 Dungeon Crawl Stone Soup version 0.21-a0-404-g291f19a (webtiles) character file.

2926 tilp the Arsonist (level 9, -1/45 HPs)
             Began as a Deep Elf Fire Elementalist on Oct 25, 2017.
             Was an Initiate of Vehumet.
             Killed from afar by Maurice (16 damage)
             ... with a wand of lightning (?/15)
             ... on level 8 of the Dungeon on Oct 26, 2017.
             The game lasted 00:37:49 (9759 turns).

tilp the Arsonist (Deep Elf Fire Elementalist)      Turns: 9759, Time: 00:37:50

Health: -1/45      AC:  6    Str:  3    XL:     9   Next: 50%
Magic:  12/20      EV: 11    Int: 22    God:    Vehumet [......]
Gold:   279        SH:  4    Dex: 15    Spells: 5/20 levels left

rFire    . . .     SeeInvis .   b - -1 blowgun
rCold    . . .     Gourm    .   (no shield)
rNeg     . . .     Faith    .   G - +0 leather armour (curse)
rPois    .         Spirit   .   B - +1 helmet
rElec    .         Reflect  +   (no cloak)
rCorr    .         Harm     .   n - +2 pair of gloves
MR       +....                  (no boots)
Stlth    ++........             p - +4 amulet of reflection
HPRegen  0.15/turn              x - ring of flight
MPRegen  0.17/turn              (no ring)

@: no status effects
A: deformed body, dopey 1, magic resistance 1, weak 1, evolution 1, MP-powered
wands
a: Renounce Religion, Evoke Flight


You were on level 8 of the Dungeon.
You worshipped Vehumet.
Vehumet was noncommittal.
You were not hungry.

You visited 2 branches of the dungeon, and saw 9 of its levels.
You also visited: Ossuary.

You collected 279 gold pieces.

Inventory:

Hand Weapons
 a - a +2 dagger of electrocution
 b - a -1 blowgun (weapon)
 t - the +4 mace of Moegijua {pain, rElec rN+ MR+}
   (You took it off an orc on level 4 of the Dungeon)

   In the hands of one skilled in necromantic magic, it inflicts extra damage on
   living creatures.
   It insulates you from electricity.
   It protects you from negative energy.
   It affects your resistance to hostile enchantments.
 F - a +4 dagger
Missiles
 i - 40 poisoned needles (quivered)
 l - 182 stones
 m - 11 tomahawks
 s - 20 sling bullets
Armour
 k - a +0 robe
 n - a +2 pair of gloves (worn)
 B - a +1 helmet (worn)
 G - a cursed +0 leather armour (worn)
Jewellery
 j - an uncursed ring of protection from cold {unknown}
 p - a +4 amulet of reflection (around neck)
 x - a ring of flight (left hand)
Wands
 H - a wand of polymorph (16/24)
 O - a wand of acid (5/15)
Scrolls
 e - 4 scrolls of remove curse
 f - 4 scrolls of recharging
 g - a scroll of enchant armour
 h - 3 scrolls of fog
 q - a scroll of noise {unknown}
 r - a scroll of amnesia {unknown}
 u - a scroll of holy word {unknown}
 w - 2 scrolls of random uselessness {unknown}
 A - 5 scrolls of teleportation
 D - 3 scrolls of enchant weapon {unknown}
 J - a scroll of blinking {unknown}
 K - a scroll of immolation {unknown}
 M - a scroll of silence {unknown}
Potions
 d - a potion of haste
 o - a potion of lignification {unknown}
 v - 2 potions of degeneration {unknown}
 z - a potion of berserk rage {unknown}
 E - a potion of heal wounds {unknown}
 I - 3 potions of invisibility {unknown}
 L - a potion of cancellation {unknown}
Books
 y - a book of Flames

   Spells                             Type                      Level
   a - Flame Tongue                   Conjuration/Fire             1
   b - Throw Flame                    Conjuration/Fire             2
   c - Conjure Flame                  Conjuration/Fire             3
   d - Inner Flame                    Hexes/Fire                   3
   e - Sticky Flame                   Conjuration/Fire             4
   f - Fireball                       Conjuration/Fire             5
Comestibles
 c - 2 bread rations
 C - 4 meat rations
 N - a chunk of flesh


   Skills:
 + Level 0.0 Fighting
 + Level 2.4 Dodging
 - Level 2.4 Stealth
 - Level 6.0 Spellcasting
 - Level 10.0 Conjurations
 - Level 10.0 Fire Magic


You had 5 spell levels left.
You knew the following spells:

 Your Spells              Type           Power        Failure   Level  Hunger
a - Flame Tongue          Conj/Fire      #####        1%          1    None
b - Throw Flame           Conj/Fire      ######       1%          2    None
c - Conjure Flame         Conj/Fire      ######..     1%          3    #......
d - Sticky Flame          Conj/Fire      ######..     2%          4    ###....
e - Fireball              Conj/Fire      ######....   8%          5    #####..


Dungeon Overview and Level Annotations

Branches:
Dungeon (8/15)             Temple (1/1) D:7
   Lair: D:8-11

Altars:
Dithmenos
Elyvilon
Gozag
Hepliaklqana
Kikubaaqudgha
Makhleb
Nemelex Xobeh
Okawaru
Qazlal
Ru
Sif Muna
Trog
Vehumet
Wu Jian
Xom
Yredelemnul
Zin
The Shining One

Annotations:
D:5 CasualChangeling's ghost, amateur DrBe
D:6 2 runed doors
D:8 Maurice


Innate Abilities, Weirdness & Mutations

Armour fits poorly on your strangely shaped body.
You are dopey. (Int -2)
You are resistant to hostile enchantments. (MR+)
You are weak. (Str -2)
You evolve.
You expend magic power (3 MP) to strengthen your wands.


Message History

The two-headed ogre burns!
The two-headed ogre burns!
The two-headed ogre stops burning.
Found a hazy altar of Hepliaklqana.
Maurice looks sneaky.
Maurice gestures wildly while chanting.
Maurice flickers and vanishes!
Deactivating autopickup; reactivate with Ctrl-A.
Casting: Sticky Flame
Confirm with . or Enter, or press ? or * to list all spells.
Aiming: Sticky Flame
Press: ? - help, Shift-Dir - straight line, f/p - two-headed ogre
Aim: a two-headed ogre, wielding a dire flail and a giant club (severely wounded)
The sticky flame hits the two-headed ogre.
The two-headed ogre is almost dead.
The two-headed ogre is covered in liquid flames!
The two-headed ogre burns!
You hear a zap.
A bolt of lightning appears from out of thin air!
The bolt of lightning hits you!
You die...

....................
....................
.(.(..............##.
....(...<....{.......
....................
..................#
............H.....#
....)............##
..#..#........_O@#
.....#.####......#
........# ##..##.##....
.###.##...##...#.#8....
###..# ........####....
#.## ...(....# ##8...
##.# ........# ##_#
##..##........## ##
......########


You could see a two-headed ogre (burning) and a hippogriff.

Vanquished Creatures
  A wyvern (D:8)
  A wraith (Ossuary)
  A water moccasin (D:6)
  2 ice beasts (D:7)
  A sky beast (D:6)
  A necrophage (D:5)
  2 orc warriors (D:6)
  A black bear (D:7)
  2 phantoms
  4 ogres
  A big kobold (D:7)
  A bullfrog (D:6)
  A water moccasin zombie (D:6)
  3 scorpions
  A wight (D:8)
  A howler monkey (D:4)
  A vampire bat (D:7)
  2 centaur zombies (D:7)
  A bullfrog zombie (D:7)
  3 hounds
  A centaur skeleton (D:7)
  3 orc wizards (D:6)
  3 iguanas
  3 worker ants
  2 hound zombies
  2 hound skeletons (D:4)
  A mummy (Ossuary)
  8 adders
  2 shadow imps
  An ooze (D:2)
  A worm (D:3)
  3 dart slugs
  4 leopard geckos
  16 orcs
  2 ball pythons
  9 giant cockroaches
  12 goblins
  11 hobgoblins
  16 jackals
  6 quokkas
  16 bats
  10 frilled lizards
  11 gnoll skeletons (Ossuary)
  2 gnoll zombies (D:7)
  A jackal skeleton (D:4)
  9 kobolds
  7 kobold skeletons (Ossuary)
  2 leopard gecko skeletons
  7 orc skeletons (Ossuary)
  8 rats
210 creatures vanquished.

Vanquished Creatures (others)
  2 centaurs
  A quokka (D:4)
3 creatures vanquished.

Grand Total: 213 creatures vanquished

Notes
Turn   | Place    | Note
-------+----------+-------------------------------------------
     0 | D:1      | tilp the Deep Elf Fire Elementalist began the quest for the Orb.
     0 | D:1      | Reached XP level 1. HP: 10/10 MP: 6/6
   155 | D:1      | Reached XP level 2. HP: 15/15 MP: 6/8
   159 | D:1      | Learned a level 2 spell: Throw Flame
   763 | D:1      | Reached XP level 3. HP: 19/19 MP: 7/10
   888 | D:1      | Learned a level 3 spell: Conjure Flame
  1246 | D:2      | Found a burning altar of Makhleb.
  1246 | D:2      | Found a shimmering altar of Xom.
  1452 | D:2      | Found a faded altar of an unknown god.
  1672 | D:2      | Reached XP level 4. HP: 24/24 MP: 9/11
  1734 | D:2      | Learned a level 4 spell: Sticky Flame
  2896 | D:3      | Reached XP level 5. HP: 28/28 MP: 7/13
  3436 | D:4      | Found an iron altar of Okawaru.
  3448 | D:4      | Got a twisted mace {pain}
  3602 | D:4      | Found a white marble altar of Elyvilon.
  3656 | D:4      | Noticed a phantom
  3807 | D:4      | Reached skill level 5 in Spellcasting
  3871 | D:4      | Reached XP level 6. HP: 32/32 MP: 9/15
  4158 | D:4      | Reached skill level 5 in Fire Magic
  4246 | D:4      | Reached skill level 5 in Conjurations
  4431 | D:4      | Learned a level 5 spell: Fireball
  4717 | D:5      | Entered Level 5 of the Dungeon
  4743 | D:5      | Identified the +4 mace of Moegijua {pain, rElec rN+ MR+} (You took it off an orc on level 4 of the Dungeon)
  4771 | D:5      | Reached XP level 7. HP: 32/34 MP: 9/18
  5247 | D:5      | Noticed CasualChangeling's ghost (amateur DrBe)
  6229 | D:6      | Reached XP level 8. HP: 32/39 MP: 12/19
  6697 | D:6      | Gained mutation: You are resistant to hostile enchantments. (MR+) [mutagenic meat]
  6698 | D:6      | Gained mutation: You are dopey. (Int -2) [mutagenic meat]
  6699 | D:6      | Gained mutation: You expend magic power (3 MP) to strengthen your wands. [mutagenic meat]
  6700 | D:6      | Gained mutation: You are weak. (Str -2) [mutagenic meat]
  6701 | D:6      | Gained mutation: You evolve. [mutagenic meat]
  6702 | D:6      | Gained mutation: Armour fits poorly on your strangely shaped body. [mutagenic meat]
  7083 | D:6      | Found a runed door.
  7203 | D:6      | Found a runed door.
  7503 | D:7      | Found a sand-covered staircase.
  7643 | Ossuary  | Entered an ossuary
  7932 | Ossuary  | Reached XP level 9. HP: 45/45 MP: 10/20
  8749 | D:7      | Found a basalt altar of Yredelemnul.
  9143 | D:7      | Found a sparkling altar of Nemelex Xobeh.
  9224 | D:7      | Found a staircase to the Ecumenical Temple.
  9233 | Temple   | Entered the Ecumenical Temple
  9248 | Temple   | Became a worshipper of Vehumet
  9503 | D:8      | Upgraded the game from 0.21-a0-401-g0b6bec4 to 0.21-a0-404-g291f19a
  9504 | D:8      | Noticed a two-headed ogre
  9580 | D:8      | Reached skill level 10 in Conjurations
  9580 | D:8      | Reached skill level 10 in Fire Magic
  9618 | D:8      | Noticed Maurice
  9679 | D:8      | Found a shadowy altar of Dithmenos.
  9679 | D:8      | Found an ancient bone altar of Kikubaaqudgha.
  9756 | D:8      | Found a hazy altar of Hepliaklqana.
  9759 | D:8      | Killed from afar by Maurice

Vault maps used:
D:1:      minmay_arrival_hallway, grunt_decor_resistance
D:2:      gammafunk_temple_overflow_elements, chequers_ecumenical_altar_island,
          first_bread, kennysheep_boxes
D:4:      okawaru_ov_weapons_minmay, elyvilon_altar_4, minmay_ogre_servants
D:6:      lemuel_insect_pit
D:7:      lemuel_zombie_altar_yredelemnul, kennysheep_mini,
          lemuel_temple_firewalk_b, enter_ossuary_2, roderic_batcave
D:8:      overflow_temple_1_default, nicolae_overflow_hidden_temple,
          lair_entry_dummy, basic_altar, hangedman_little_slice_of_home,
          uniq_maurice
Temple:   zaba_magenta_temple
Ossuary:  ossuary_due_mausoleum

Skill      XL: |  1  2  3  4  5  6  7  8  9 |
---------------+----------------------------+-----
Conjurations   | 2 3 4 5 6 9 10 | 10.0
Fire Magic     | 4 5 6 8 10 | 10.0
Spellcasting   | 4 5 6 |  6.0
Dodging        | |  2.4
Stealth        | |  2.4

Action                   |  1- 3 |  4- 6 |  7- 9 || total
-------------------------+-------+-------+-------++-------
Melee: Unarmed           |     1 |       |       ||     1
       Dagger            |    15 |    49 |       ||    64
       Mace              |       |    11 |   116 ||   127
 Fire: Blowgun           |       |    36 |     3 ||    39
 Cast: Flame Tongue      |    41 |    48 |   150 ||   239
       Throw Flame       |    20 |    12 |    38 ||    70
       Conjure Flame     |     2 |     8 |    23 ||    33
       Sticky Flame      |       |     3 |    13 ||    16
  Use: Scroll            |       |     4 |     8 ||    12
       Potion            |       |       |     2 ||     2
 Stab: Sleeping          |     2 |     2 |     1 ||     5
  Eat: Fruit             |     3 |       |     2 ||     5
       Chunk             |     2 |     9 |    15 ||    26
       Bread ration      |     1 |       |     1 ||     2
       Royal jelly       |       |       |     2 ||     2
Armor: Robe              |     6 |     9 |       ||    15
       Leather armour    |       |     5 |    40 ||    45
Dodge: Dodged            |    17 |    30 |    93 ||   140
Block: Other             |       |     9 |    31 ||    40
       Reflection        |       |     1 |     3 ||     4

Table legend:
 A = Spawn XP
 B = Non-spawn XP
 C = Spawn XP percentage of total XP
 D = Spawn monster count
 E = Non-spawn monster count
 F = Spawn count percentage of total count
 G = Total turns spent on level
                    A         B        C        D         E        F      G
               +---------+---------+-------+---------+---------+-------+---------
         Total |       0 |    4180 |   0.0 |       0 |     212 |   0.0 |  9759
               +---------+---------+-------+---------+---------+-------+---------
           D:1 |       0 |      41 |   0.0 |       0 |      24 |   0.0 |   941
           D:2 |       0 |      85 |   0.0 |       0 |      26 |   0.0 |  1212
           D:3 |       0 |      86 |   0.0 |       0 |      26 |   0.0 |   863
           D:4 |       0 |     443 |   0.0 |       0 |      24 |   0.0 |  1884
           D:5 |       0 |     500 |   0.0 |       0 |      21 |   0.0 |   978
           D:6 |       0 |    1204 |   0.0 |       0 |      26 |   0.0 |  1480
           D:7 |       0 |    1316 |   0.0 |       0 |      34 |   0.0 |  1358
           D:8 |       0 |     268 |   0.0 |       0 |       4 |   0.0 |   191
       Ossuary |       0 |     237 |   0.0 |       0 |      27 |   0.0 |   771
               +---------+---------+-------+---------+---------+-------+---------
